 Dungeon Crawl Stone Soup version 0.30.0-29-ga12c61a403 (webtiles) character file.

Game seed: 9477165193165703596

22 monsoonserge the Ducker (level 2, -8/23 HPs)
             Began as a Merfolk Gladiator on June 20, 2023.
             Mangled by a gnoll
             ... wielding a +0 flail
              (9 damage)
             ... on level 2 of the Dungeon.
             The game lasted 00:02:03 (458 turns).

monsoonserge the Ducker (Merfolk Gladiator)          Turns: 458, Time: 00:02:03

Health: -8/23      AC:  6    Str: 14    XL:     2   Next: 91%
Magic:  2/2        EV: 12    Int: 13    God:
Gold:   36         SH:  0    Dex: 15    Spells: 1/1 levels left

rFire   + . .        a - +0 long sword
rCold   . . .        (no shield)
rNeg    . . .        h - +0 ring mail {rF+}
rPois   .            c - +0 helmet
rElec   .            (no cloak)
rCorr   .            (no gloves)
SInv    .            (no boots)
Will    .....        (no amulet)
Stlth   +            m - +6 ring of intelligence
HPRegen 0.23/turn    (no ring)
MPRegen 0.08/turn

%: no passive effects
@: no status effects
A: (nimble swimmer 2), mertail
a: no special abilities


You were on level 2 of the Dungeon.
You visited 1 branch of the dungeon, and saw 2 of its levels.

You collected 36 gold pieces.

Inventory:

Hand Weapons
 a - a +0 long sword (weapon)
 b - a +0 sling
Missiles
 d - 3 throwing nets (quivered)
 e - a javelin
Armour
 c - a +0 helmet (worn)
 h - a +0 ring mail of fire resistance (worn)
Jewellery
 m - a +6 ring of intelligence (left hand)
Scrolls
 f - a scroll of fog {unknown}
 i - 2 scrolls of poison {unknown}
 j - a scroll of silence {unknown}
 l - a scroll of fear {unknown}
Potions
 g - a potion of heal wounds {unknown}
 k - a potion of berserk rage {unknown}


   Skills:
 + Level 2.7 Fighting
 + Level 4.2 Long Blades
 + Level 2.0 Throwing
 + Level 4.2 Dodging
 + Level 0.1 Stealth


You had one spell level left.
You didn't know any spells.
Your spell library contained the following spells:

 Spells                   Type           Power      Damage    Failure   Level
 Static Discharge         Conj/Air       0%         2-2/arc   67%         2
 Airstrike                Air            0%         2d(0-16)  99%         4
 Summon Lightning Spire   Summ/Air       0%         N/A       99%         4


Dungeon Overview and Level Annotations

Branches:
Dungeon (2/15)

Altars:


Innate Abilities, Weirdness & Mutations

((You are very nimble when in or above water. (Stealth+, EV+, Speed+++)))
Your lower body shifts to a powerful aquatic tail in water.


Message History

You shoot a sling bullet. The sling bullet hits the gnoll.
The gnoll is moderately wounded.
You shoot a sling bullet. The sling bullet hits the gnoll.
The gnoll is moderately wounded.
A gnoll comes into view. It is wielding a +0 flail.
a - a +0 long sword (weapon)
The gnoll closely misses you. The gnoll hits you with a +0 spear.
You hit the gnoll.
The gnoll is severely wounded.
The gnoll barely misses you.
You hit the gnoll.
The gnoll is almost dead.
The gnoll hits you with a +0 spear.
You barely miss the gnoll.
The gnoll is almost dead.
The gnoll misses you.
You barely miss the gnoll.
The gnoll is almost dead.
The gnoll barely misses you.
A dart slug comes into view.
You barely miss the gnoll.
The gnoll is severely wounded.
The gnoll barely misses you.
You hit the gnoll but do no damage. The gnoll closely misses you.
The gnoll barely misses you.
You hit the gnoll but do no damage. The gnoll barely misses you.
The gnoll hits you with a +0 flail!
You closely miss the gnoll.
The gnoll hits you from afar with a +0 spear.
The gnoll closely misses you.
You hit the gnoll.
The gnoll is lightly wounded.
A bat comes into view.
The gnoll hits you from afar with a +0 spear.
* * * LOW HITPOINT WARNING * * *
The gnoll hits you with a +0 flail.
* * * LOW HITPOINT WARNING * * *
The gnoll attacks as you move away! The gnoll hits you with a +0 flail!
You die...

####### .
###.....####....
.<......@ggg....
##.....##gw.b..
#.....# ..#.#
#.....##.#.#
#....<...# #
#.....##.....
#.....# ...#
####### .#


You could see 4 gnolls, a dart slug and a bat (wandering).

Vanquished Creatures
  A ball python (D:1)
  2 bats (D:1)
  3 endoplasms (D:1)
  A giant cockroach (D:1)
  3 hobgoblins (D:1)
  2 quokkas (D:1)
  5 kobolds (D:1)
  2 rats (D:1)
19 creatures vanquished.

Notes
Turn   | Place    | Note
-------+----------+-------------------------------------------
     0 | D:1      | monsoonserge the Merfolk Gladiator began the quest for the
                  | Orb.
     0 | D:1      | Reached XP level 1. HP: 16/16 MP: 1/1
    27 | D:1      | Reached XP level 2. HP: 16/23 MP: 2/2
   457 | D:2      | HP: 1/23 [gnoll/+0 flail (3)]
   458 | D:2      | Mangled by a gnoll

Illustrated notes

Levels and vault maps discovered:
D:1:      lemuel_arrival_behind_the_door_large, layout_rooms
D:2:      layout_basic, minmay_tripent

Skill      XL: |  1 |
---------------+----+-----
Long Blades    | 4 |  4.2
Fighting       | |  2.7
Throwing       | |  2.0
Dodging        | |  4.2
Stealth        | |  0.1

Action                     || total
---------------------------++-------
  Melee: Long sword        ||    61
   Fire: Sling             ||     2
 Armour: Leather armour    ||     6
         Ring mail         ||    23
  Dodge: Dodged            ||    59
